 Dungeon Crawl Stone Soup version 0.20.1-1-g8b1a95d (webtiles) character file.

6795 dengdeng the Blocker (level 10, -6/90 HPs)
             Began as a Minotaur Fighter on Nov 11, 2017.
             Mangled by a hornet (11 damage)
             ... on level 9 of the Dungeon.
             The game lasted 01:02:00 (9955 turns).

dengdeng the Blocker (Minotaur Fighter)             Turns: 9955, Time: 01:02:01

Health: -6/90      AC: 15    Str: 23    XL:     10   Next: 76%
Magic:  9/9        EV:  8    Int:  5    God:
Gold:   326        SH: 12    Dex: 14    Spells: 9/9 levels left

rFire    . . .     SeeInvis .   H - +2 hand axe (vamp)
rCold    . . .     Gourm    .   c - +0 shield
rNeg     . . .     Faith    .   J - +0 plate armour
rPois    .         Spirit   .   (helmet restricted)
rElec    .         Reflect  .   (no cloak)
rCorr    .         Harm     .   (no gloves)
MR       .....                  R - +0 pair of boots
Stlth    ..........             (no amulet)
Regen    0.3/turn               p - +3 ring of dexterity
MPRegen  0.2/turn               s - ring of stealth

@: lethally poisoned (-6 -> -16), slowed, very slow
A: retaliatory headbutt, horns 2
a: no special abilities


You were on level 9 of the Dungeon.
You were not hungry.

You visited 1 branch of the dungeon, and saw 9 of its levels.

You collected 488 gold pieces.
You spent 162 gold pieces at shops.

Inventory:

Hand Weapons
 i - a +2 vampiric dagger
 r - a cursed -2 short sword
 x - a +0 mace of draining
 H - a +2 vampiric hand axe (weapon)
 O - a cursed +4 scimitar
 S - a +0 quick blade
 U - a +0 blowgun
 W - a +1 scimitar of flaming
 Y - a +4 falchion
Missiles
 m - 201 stones
 E - 10 poisoned needles
 M - 4 silver tomahawks (quivered)
Armour
 c - a +0 shield (worn)
 J - a +0 plate armour (worn)
 R - a +0 pair of boots (worn)
Jewellery
 g - an uncursed ring of positive energy
 p - a +3 ring of dexterity (left hand)
 s - a ring of stealth (right hand)
 F - an uncursed amulet of magic regeneration {unknown}
 X - a +3 ring of dexterity
Wands
 G - a wand of lightning (13/15)
Scrolls
 h - 2 scrolls of immolation {unknown}
 j - 2 scrolls of teleportation {unknown}
 n - 6 scrolls of remove curse {unknown}
 o - a scroll of amnesia {unknown}
 t - 3 scrolls of blinking {unknown}
 v - 3 scrolls of noise {unknown}
 w - 2 scrolls of enchant weapon {unknown}
 I - a scroll of recharging {unknown}
 K - a scroll of brand weapon {unknown}
 N - a scroll of fear {unknown}
 V - a scroll of identify
Potions
 b - a potion of haste {unknown}
 d - a potion of might
 e - 2 potions of agility
 l - a potion of degeneration {unknown}
 u - a potion of experience {unknown}
 z - a potion of berserk rage {unknown}
 B - 2 potions of flight {unknown}
 C - 2 potions of mutation {unknown}
 Q - a potion of heal wounds {unknown}
 T - 2 potions of curing {unknown}
Comestibles
 a - 4 chunks of flesh
 f - 4 bread rations
 k - 7 meat rations


   Skills:
 + Level 8.4 Fighting
 + Level 4.0 Long Blades
 + Level 7.0(8.6) Axes
 + Level 7.7(9.0) Maces & Flails
 + Level 3.3 Throwing
 + Level 9.9 Armour
 + Level 3.7 Dodging
 + Level 0.8 Stealth
 + Level 10.0 Shields


You had 9 spell levels left.
You didn't know any spells.

Dungeon Overview and Level Annotations

Branches:
Dungeon (9/15)             Temple (0/1) D:6
   Lair: D:8-11         Orc: D:9-12

Altars:
Ashenzari
Dithmenos
Fedhas
Hepliaklqana
Kikubaaqudgha
Makhleb
Nemelex Xobeh
Okawaru
Qazlal
Ru
Trog
Zin
The Shining One

Shops:
D:7 (

Annotations:
D:6 exclusion: oklob plant


Innate Abilities, Weirdness & Mutations

You reflexively headbutt those who attack you in melee.
You have a pair of horns on your head.


Message History

* * * LOW HITPOINT WARNING * * *
You feel sick.
The hornet stings you but does no damage. x2
* * * LOW HITPOINT WARNING * * *
You feel sick. The hornet stings you.
* * * LOW HITPOINT WARNING * * *
You feel as though you will be slow longer.
You can move again.
You hit the hornet. Your headbutt misses the hornet.
The hornet is moderately wounded.
* * * LOW HITPOINT WARNING * * *
You feel sick. The hornet closely misses you. You furiously retaliate!
You headbutt the hornet. The hornet closely misses you.
You furiously retaliate!
You headbutt the hornet, but do no damage.
You hit the hornet but do no damage.
The hornet is moderately wounded.
* * * LOW HITPOINT WARNING * * *
You feel sick. The hornet closely misses you. The hornet stings you!
You die...

........# #####..##.[.[........#
........# ######.##.#..........#
....########.........#.##########
+##.# #.........#)###..........#
....####.........#.###..........#
....##..............##..........#
....##.#...####.###.##..........#
....##>#....# #.###..#..........#
....##.....###.#@###.#.##########
....######.##.#y## #...#
....######.###.# ##..#
...........##.# ##..##
#####..##..### #..>.# #...#....#
#(#.## ##..#.#### #.#.# #..#.#
#.#.# ####.# #.#.#####


You could see a hornet.

Vanquished Creatures
  2 two-headed ogres
  Pikel (D:9)
  A manticore (D:8)
  2 hornets (D:9)
  A hippogriff (D:9)
  Sigmund (D:3)
  A wyvern (D:8)
  Eustachio (D:6)
  A hungry ghost (D:7)
  3 ice beasts
  A slave (D:9)
  3 orc warriors (D:8)
  A phantom (D:4)
  2 necrophages
  5 ogres
  A big kobold (D:8)
  8 bullfrogs
  2 scorpions (D:8)
  9 wights
  3 howler monkeys
  A quasit (D:5)
  5 crimson imps
  2 centaur zombies
  A hound (D:7)
  A jelly (D:7)
  An orc priest (D:4)
  5 orc wizards
  A bullfrog skeleton (D:7)
  A gnoll shaman (D:8)
  A centaur skeleton (D:4)
  4 worker ants
  4 iguanas
  4 gnolls (D:8)
  9 adders
  2 shadow imps (D:7)
  An adder zombie (D:5)
  An adder skeleton (D:5)
  3 worms
  A dart slug (D:1)
  4 leopard geckos
  29 orcs
  10 bats
  6 giant cockroaches
  5 goblins
  5 hobgoblins
  20 jackals
  2 quokkas
  5 frilled lizards
  11 kobolds
  A leopard gecko skeleton (D:7)
  14 rats
209 creatures vanquished.

Vanquished Creatures (others)
  2 slaves (D:9)
  An iguana (D:9)
3 creatures vanquished.

Grand Total: 212 creatures vanquished

Notes
Turn   | Place    | Note
-------+----------+-------------------------------------------
     0 | D:1      | dengdeng the Minotaur Fighter began the quest for the Orb.
     0 | D:1      | Reached XP level 1. HP: 19/19 MP: 0/0
   162 | D:1      | Reached XP level 2. HP: 25/27 MP: 1/1
   399 | D:1      | Reached skill level 4 in Shields
   402 | D:1      | Reached XP level 3. HP: 30/33 MP: 2/2
  1213 | D:2      | Reached XP level 4. HP: 34/41 MP: 3/3
  1751 | D:3      | Noticed a bullfrog
  1763 | D:3      | Killed a bullfrog
  1763 | D:3      | Reached skill level 1 in Throwing
  1763 | D:3      | Reached XP level 5. HP: 35/47 MP: 4/4
  1847 | D:3      | Reached skill level 1 in Maces & Flails
  2251 | D:3      | Noticed Sigmund
  2258 | D:3      | Killed Sigmund
  2258 | D:3      | Reached skill level 5 in Fighting
  2258 | D:3      | Reached skill level 1 in Dodging
  2258 | D:3      | Reached skill level 5 in Shields
  2258 | D:3      | Reached XP level 6. HP: 42/56 MP: 5/5
  2634 | D:4      | Found a glowing silver altar of Zin.
  2636 | D:4      | Found a shadowy altar of Dithmenos.
  2695 | D:4      | Reached XP level 7. HP: 59/61 MP: 6/6
  3067 | D:4      | Reached skill level 6 in Shields
  3288 | D:5      | Entered Level 5 of the Dungeon
  3376 | D:5      | Reached skill level 5 in Armour
  3557 | D:5      | Reached skill level 5 in Maces & Flails
  4082 | D:6      | Reached XP level 8. HP: 66/70 MP: 7/7
  4258 | D:6      | Found a burning altar of Makhleb.
  4258 | D:6      | Found a blossoming altar of Fedhas.
  4263 | D:6      | Found a sacrificial altar of Ru.
  4264 | D:6      | Found a glowing golden altar of the Shining One.
  4264 | D:6      | Found a shattered altar of Ashenzari.
  4264 | D:6      | Found an ancient bone altar of Kikubaaqudgha.
  4264 | D:6      | Found a bloodstained altar of Trog.
  4264 | D:6      | Found a burning altar of Makhleb.
  4264 | D:6      | Found a shattered altar of Ashenzari.
  4264 | D:6      | Found a shattered altar of Ashenzari.
  4264 | D:6      | Found a stormy altar of Qazlal.
  4264 | D:6      | Found an iron altar of Okawaru.
  4287 | D:6      | Found a staircase to the Ecumenical Temple.
  4425 | D:6      | Noticed Eustachio
  4441 | D:6      | Killed Eustachio
  4761 | D:6      | Reached skill level 7 in Shields
  4912 | D:6      | Noticed an oklob plant
  4920 | D:6      | Found a hazy altar of Hepliaklqana.
  5523 | D:7      | Found Kabic's Antique Weapon Shoppe.
  5614 | D:7      | Found a sparkling altar of Nemelex Xobeh.
  5697 | D:7      | Bought a runed hand axe for 162 gold pieces
  5907 | D:7      | Found a blossoming altar of Fedhas.
  6293 | D:7      | Found a burning altar of Makhleb.
  6425 | D:7      | Reached XP level 9. HP: 75/78 MP: 8/8
  6450 | D:7      | Reached skill level 8 in Shields
  6817 | D:8      | Reached skill level 1 in Axes
  7666 | D:8      | Noticed a two-headed ogre
  7678 | D:8      | Killed a two-headed ogre
  8113 | D:8      | Reached XP level 10. HP: 86/88 MP: 9/9
  8283 | D:8      | Reached skill level 5 in Axes
  8365 | D:9      | Noticed a manticore
  8688 | D:8      | Killed a manticore
  8688 | D:8      | Reached skill level 9 in Shields
  9137 | D:9      | Noticed a two-headed ogre
  9155 | D:9      | Killed a two-headed ogre
  9436 | D:9      | Noticed Pikel
  9452 | D:9      | Killed Pikel
  9887 | D:9      | Reached skill level 10 in Shields
  9942 | D:9      | Paralysed by a hornet for 3 turns
  9951 | D:9      | Paralysed by a hornet for 3 turns
  9955 | D:9      | Mangled by a hornet

Skill      XL: |  1  2  3  4  5  6  7  8  9 10 |
---------------+-------------------------------+-----
Fighting       | 4 5 6 7 8 |  8.4
Long Blades    | 3 4 |  4.0
Shields        | 4 5 6 7 8 10 | 10.0
Armour         | 4 5 6 8 9 |  9.9
Throwing       | 1 2 3 |  3.3
Maces & Flails | 2 3 5 7 |  7.7
Dodging        | 1 2 3 |  3.7
Axes           | 4 7 |  7.0
Stealth        | |  0.8

Action                   |  1- 3 |  4- 6 |  7- 9 | 10-12 || total
-------------------------+-------+-------+-------+-------++-------
Melee: Long sword        |    86 |    15 |       |       ||   101
       Headbutt          |    10 |    18 |    93 |    36 ||   157
       Mace              |       |    92 |   294 |       ||   386
       Hand axe          |       |       |   129 |   147 ||   276
Throw: Stone             |    20 |    45 |    35 |       ||   100
       Tomahawk          |       |       |    11 |     7 ||    18
  Use: Scroll            |     1 |     2 |     8 |     3 ||    14
       Potion            |       |       |     1 |       ||     1
  Eat: Chunk             |     1 |     5 |    10 |     1 ||    17
       Bread ration      |       |       |     2 |     1 ||     3
       Fruit             |       |       |     2 |       ||     2
       Meat ration       |       |       |     1 |       ||     1
Armor: Scale mail        |    43 |    47 |    58 |       ||   148
       Plate armour      |       |       |   108 |    53 ||   161
Dodge: Dodged            |    35 |    42 |   115 |    40 ||   232
Block: Shield            |    58 |    85 |   229 |   105 ||   477
       Rpst.: Long sword |    10 |     4 |       |       ||    14
